 Dungeon Crawl Stone Soup version 0.31.0-12-g77e489cdc1 (webtiles) character file.

Game seed: 5899349495138432314

116 Caestello the Ruffian (level 5, -9/37 HPs)
             Began as a Formicid Shapeshifter on Feb 19, 2024.
             Was a Follower of Uskayaw.
             Killed from afar by Ijyb (14 damage)
             ... with a bolt of light
             ... on level 3 of the Dungeon.
             The game lasted 00:04:30 (1706 turns).

Caestello the Ruffian (Formicid Shapeshifter)       Turns: 1706, Time: 00:04:30

Health: -9/37      AC:  2    Str: 20    XL:     5   Next: 20%
Magic:  5/5        EV: 12    Int: 10    God:    Uskayaw [*.....]
Gold:   84         SH:  0    Dex: 13    Spells: 4/4 levels left

rFire   . . .        p - +2 whip (venom)
rCold   . . .        (no shield)
rNeg    . . .        n - +0 robe
rPois   .            (helmet unavailable)
rElec   .            (cloak currently unavailable)
rCorr   .            (gloves currently unavailable)
SInv    +            (boots currently unavailable)
Will    .....        (no amulet)
Stlth   +            (no ring)
HPRegen 0.26/turn    (no ring)
MPRegen 0.09/turn

%: no passive effects
@: beast-form
A: beast (slay +2), permanent stasis, dig shafts and tunnels, antennae 3, four
strong arms
a: Dig, Shaft Self, Begin Untransformation, Renounce Religion, Stomp


You were on level 3 of the Dungeon.
You worshipped Uskayaw.
Uskayaw was noncommittal.
You were a hulking beast.
You visited 1 branch of the dungeon, and saw 3 of its levels.

You collected 84 gold pieces.

Inventory:

Hand Weapons
 p - a +2 whip of venom (weapon)
Missiles
 j - a throwing net
Armour
 a - a +0 animal skin
 m - a +0 leather armour
 n - a +0 robe (worn)
 r - a +0 cloak
Jewellery
 i - an amulet of reflection
Talismans
 c - a beast talisman (active)
 d - a flux talisman
Scrolls
 f - 3 scrolls of identify {unknown}
 g - 2 scrolls of teleportation {unknown}
 h - a scroll of fear {unknown}
 o - a scroll of enchant armour {unknown}
 s - a scroll of fog {unknown}
Potions
 b - a potion of lignification
 e - a potion of degeneration {unknown}
 k - a potion of mutation {unknown}
 l - 2 potions of enlightenment {unknown}
 q - a potion of curing {unknown}


   Skills:
 + Level 1.2 Fighting
 + Level 2.1 Dodging
 + Level 0.4 Stealth
 * Level 4.4 Unarmed Combat
 * Level 4.3 Shapeshifting


You had 4 spell levels left.
You didn't know any spells.
Your spell library was empty.

Dungeon Overview and Level Annotations

Branches:
Dungeon (3/15)

Altars:
Uskayaw

Annotations:
D:3 Ijyb


Innate Abilities, Weirdness & Mutations

You are a hulking beast.
Your limbs bulge with bestial killing power. (Slay +2)
You cannot be hasted, slowed, berserked, paralysed or teleported.
You can dig through walls and to a lower floor.
You have a pair of large antennae on your head. (SInv)
Your four strong arms can wield two-handed weapons with a shield.


Message History

Press: ? - help, v - describe, . - travel
Here: Ijyb, wielding a +5 club, wearing a +2 ring mail of cold resistance and carrying a wand of light The floor.
Okay, then.
Your +2 whip of venom begins to drip with poison!
p - a +2 whip of venom (weapon)
You barely miss the rat. The rat closely misses you.
Ijyb screams, "Get away!"
Ijyb zaps a wand.
The bolt of light hits the rat!!
The rat dies!
The bolt of light misses you. Ijyb hits you with a +5 club.
You see here a rat corpse.
You barely miss Ijyb.
Ijyb zaps a wand.
The bolt of light misses you.
You barely miss Ijyb.
Ijyb screams, "Get away!"
Ijyb hits you with a +5 club.
You hit Ijyb but do no damage.
Ijyb is poisoned.
Ijyb zaps a wand.
The bolt of light hits you!!
You barely miss Ijyb.
Ijyb is lightly wounded.
Ijyb zaps a wand.
The bolt of light misses you.
You closely miss Ijyb.
Ijyb is lightly wounded.
Ijyb hits you with a +5 club.
* * * LOW HITPOINT WARNING * * *
You hit Ijyb.
Ijyb looks as sick as possible!
Your punch misses Ijyb.
Ijyb is moderately wounded.
Ijyb zaps a wand.
The bolt of light misses you.
You hit Ijyb.
Ijyb is heavily wounded.
Ijyb zaps a wand.
The bolt of light misses you.
You hit Ijyb but do no damage.
Ijyb looks as sick as possible!
Ijyb is heavily wounded.
Ijyb hits you with a +5 club.
* * * LOW HITPOINT WARNING * * *
You hit Ijyb but do no damage.
Ijyb looks as sick as possible!
Ijyb is severely wounded.
Ijyb zaps a wand.
The bolt of light hits you!
You die...

#.......##.
#..........
##........#
,.........#
#........#
#........#
#.g......#
#..h.....#
#........###
#...........
##.#....########.###
#.#...[.....<......
#.#...†##########.#
#.#....# #.#....#
#$+......


You could see Ijyb (extremely poisoned).

Vanquished Creatures
  Jessica (D:2)
  5 adders (D:2)
  A dart slug (D:3)
  5 ball pythons
  5 bats (D:1)
  4 endoplasms (D:1)
  4 giant cockroaches
  6 goblins
  A hobgoblin (D:1)
  3 jackals (D:2)
  A quokka (D:1)
  A frilled lizard (D:2)
  5 kobolds
  A rat (D:1)
43 creatures vanquished.

Vanquished Creatures (others)
  A rat (D:3)
1 creature vanquished.

Grand Total: 44 creatures vanquished

Notes
Turn   | Place    | Note
-------+----------+-------------------------------------------
     0 | D:1      | Caestello the Formicid Shapeshifter began the quest for the
                  | Orb.
     0 | D:1      | Reached XP level 1. HP: 15/15 MP: 1/1
    54 | D:1      | Reached XP level 2. HP: 9/21 MP: 2/2
   349 | D:1      | Reached XP level 3. HP: 25/26 MP: 3/3
   728 | D:2      | Found a hide-covered altar of Uskayaw.
   750 | D:2      | Became a worshipper of Uskayaw the Reveller
   839 | D:2      | Reached * piety under Uskayaw
   840 | D:2      | Reached ** piety under Uskayaw
   907 | D:2      | Reached XP level 4. HP: 23/32 MP: 4/4
  1040 | D:2      | Noticed Jessica
  1047 | D:2      | Killed Jessica
  1155 | D:2      | Reached XP level 5. HP: 19/37 MP: 5/5
  1692 | D:3      | Noticed Ijyb
  1706 | D:3      | Killed from afar by Ijyb

Illustrated notes

Levels and vault maps discovered:
D:1:      dpeg_arrival_pits, layout_loops_ring
D:2:      layout_loops_cross, basic_altar, uniq_jessica
D:3:      layout_basic, dk_yredelemnul_ordeal, bloody_makhleb, uniq_ijyb

Skill      XL: |  1  2  3  4 |
---------------+-------------+-----
Dodging        | 2 |  2.1
Shapeshifting  | 4 |  4.3
Unarmed Combat | 4 |  4.4
Fighting       | |  1.2
Stealth        | |  0.4

Action                     |  1- 3 |  4- 6 || total
---------------------------+-------+-------++-------
  Melee: Unarmed           |    65 |    36 ||   101
         Punch             |     1 |     2 ||     3
         Whip              |       |    10 ||    10
   Stab: Sleeping          |     1 |       ||     1
 Armour: Skin              |     4 |       ||     4
         Animal skin       |    21 |       ||    21
         Robe              |     5 |    22 ||    27
  Dodge: Dodged            |    32 |    30 ||    62
   Form: Flux              |     1 |       ||     1
         Beast             |     1 |       ||     1
